 Dungeon Crawl Stone Soup version 0.24.0-37-gcf1ca852f1 (webtiles) character file.

Game seed: 14633797592633832403, levelgen mode: deterministic

3445 H0rd4k the Thaumaturge (level 9, -3/48 HPs)
             Began as a Deep Elf Wizard on Nov 26, 2019.
             Slain by a two-headed ogre
             ... wielding a +0 giant club
              (26 damage)
             ... on level 9 of the Dungeon.
             The game lasted 00:23:01 (9578 turns).

H0rd4k the Thaumaturge (Deep Elf Wizard)            Turns: 9578, Time: 00:23:02

Health: -3/48      AC:  2    Str:  4    XL:     9   Next: 77%
Magic:  18/27      EV: 15    Int: 27    God:
Gold:   463        SH:  0    Dex: 16    Spells: 24/33 levels left

rFire    + + .     SeeInvis .   q - staff of fire
rCold    x . .     Gourm    .   (no shield)
rNeg     . . .     Faith    .   a - +0 robe
rPois    .         Spirit   .   b - +0 hat
rElec    .         Reflect  .   (no cloak)
rCorr    .         Harm     .   (no gloves)
MR       .....                  (no boots)
Stlth    +++.......             u - amulet "Xevuetu" {Regen+ Dex+3}
HPRegen  0.56/turn              (no ring)
MPRegen  0.20/turn              m - ring of fire

@: no status effects
A: no striking features
a: no special abilities


You were on level 9 of the Dungeon.
You were not hungry.

You visited 1 branch of the dungeon, and saw 9 of its levels.

You collected 463 gold pieces.

Inventory:

Missiles
 c - 15 poisoned darts (quivered)
Armour
 a - a +0 robe (worn)
 b - a +0 hat (worn)
Magical Staves
 q - an uncursed staff of fire (weapon)
Jewellery
 m - a ring of fire (right hand)
 u - the amulet "Xevuetu" (around neck) {Regen+ Dex+3}
   (You found it on level 4 of the Dungeon)

   [amulet of regeneration]

   It affects your dexterity (+3).
   It increases your rate of regeneration.
Wands
 y - a wand of random effects (45)
Scrolls
 f - 4 scrolls of enchant armour {unknown}
 h - 3 scrolls of enchant weapon {unknown}
 k - 7 scrolls of remove curse
 n - 3 scrolls of teleportation {unknown}
 w - 2 scrolls of fog {unknown}
 x - 3 scrolls of magic mapping {unknown}
 A - a scroll of noise {unknown}
Potions
 e - a potion of cancellation
 g - 2 potions of ambrosia
 i - 9 potions of curing
 j - 2 potions of mutation
 l - a potion of agility
 o - 2 potions of invisibility
 p - 2 potions of might
 r - 2 potions of lignification
 s - 2 potions of haste {unknown}
 v - a potion of brilliance
 z - 3 potions of degeneration {unknown}
Comestibles
 d - 10 rations
 t - a chunk of flesh


   Skills:
 + Level 1.6 Fighting
 + Level 4.4 Dodging
 + Level 4.8 Stealth
 + Level 12.6 Spellcasting
 + Level 9.3 Conjurations
   Level 1.1 Summonings
 + Level 1.6 Translocations
 + Level 1.6 Fire Magic
 + Level 1.1 Air Magic
 + Level 0.5 Poison Magic


You had 24 spell levels left.
You knew the following spells:

 Your Spells              Type           Power        Failure   Level  Hunger
a - Magic Dart            Conj           ####         1%          1    None
b - Blink                 Tloc           N/A          2%          2    None
c - Conjure Flame         Conj/Fire      #######.     1%          3    None
d - Mephitic Cloud        Conj/Pois/Air  #####...     2%          3    None

Your spell library contained the following spells:

 Spells                   Type           Power        Failure   Level  Hunger
 Call Imp                 Summ           ###.....     3%          2    None
 Slow                     Hex            ###.....     4%          2    None


Dungeon Overview and Level Annotations

Branches:
Dungeon (9/15)             Temple (0/1) D:4
   Lair: D:8-11         Orc: D:9-12

Altars:
Fedhas
Hepliaklqana
Kikubaaqudgha
Nemelex Xobeh
Ru
Uskayaw
Xom

Annotations:
D:6 exclusion: 2 downstairs
D:8 exclusion: upstairs


Message History

Aim: a two-headed ogre, wielding two +0 giant clubs (confused)
The magic dart hits the two-headed ogre.
The two-headed ogre is lightly wounded.
The two-headed ogre laughs crazily.
The two-headed ogre closely misses the centaur.
The two-headed ogre hits the centaur with a +0 giant club.
The two-headed ogre is engulfed in blazing flames.
The two-headed ogre is engulfed in blazing flames.
The two-headed ogre is engulfed in blazing flames.
The two-headed ogre seems less confused.
The two-headed ogre is engulfed in blazing flames.
The two-headed ogre barely misses you. The two-headed ogre misses you.
The two-headed ogre is engulfed in blazing flames.
The two-headed ogre hits you with a +0 giant club!
The two-headed ogre barely misses you.
The killer bee stings the centaur skeleton!
The two-headed ogre is engulfed in blazing flames.
The two-headed ogre hits you with a +0 giant club!!
Ouch! That really hurt!
You die...

#.#÷....#
#.#.).#.#
#.†)..#.#
###.#.#.#
#...#.#.###+## #
#.###.#....(.#
...#. ..#......#
....%.####......#
...†yZcO@.......#
......#####.....#
....) #.....#
.... ........ ##+
..<..... .......
.......


You could see a two-headed ogre, a centaur, a killer bee (confused) and a
centaur skeleton.

Vanquished Creatures
  Sigmund (D:2)
  A spriggan (D:8)
  A wyvern (D:8)
  A hungry ghost (D:7)
  An orc warrior (D:8)
  2 ice beasts
  A phantom (D:4)
  2 sky beasts
  2 ogres (D:7)
  A necrophage (D:8)
  A centaur (D:7)
  2 bullfrogs
  3 scorpions
  11 killer bees
  3 crimson imps
  2 bullfrog zombies
  5 hounds
  2 centaur skeletons
  An orc priest (D:5)
  5 orc wizards
  3 bullfrog skeletons
  Terence (D:3)
  3 iguanas
  7 worker ants
  A hound zombie (D:4)
  A hound skeleton (D:9)
  Robin (D:3)
  3 gnolls (D:7)
  11 adders
  2 oozes (D:2)
  An adder zombie (D:4)
  2 adder skeletons
  6 worms
  5 dart slugs
  2 leopard geckos
  22 orcs
  3 giant cockroaches
  10 goblins
  10 hobgoblins
  14 jackals
  6 kobolds
  4 quokkas
  12 bats
  5 frilled lizards
  A jackal skeleton (D:4)
  A leopard gecko skeleton (D:4)
  2 leopard gecko zombies
  A quokka skeleton (D:5)
  A quokka zombie (D:4)
  7 rats
196 creatures vanquished.

Vanquished Creatures (collateral kills)
  A killer bee (D:9)
1 creature vanquished.

Grand Total: 197 creatures vanquished

Notes
Turn   | Place    | Note
-------+----------+-------------------------------------------
     0 | D:1      | H0rd4k the Deep Elf Wizard began the quest for the Orb.
     0 | D:1      | Reached XP level 1. HP: 10/10 MP: 7/7
   249 | D:1      | Reached XP level 2. HP: 15/15 MP: 7/9
   359 | D:1      | Reached skill level 5 in Spellcasting
   857 | D:2      | Reached XP level 3. HP: 19/19 MP: 7/12
   869 | D:2      | Learned a level 2 spell: Blink
   873 | D:2      | Learned a level 3 spell: Conjure Flame
   877 | D:2      | Learned a level 3 spell: Mephitic Cloud
  1200 | D:2      | Reached skill level 6 in Spellcasting
  1313 | D:2      | Reached XP level 4. HP: 24/24 MP: 3/14
  1364 | D:2      | Noticed Sigmund
  1939 | D:3      | Found an ancient bone altar of Kikubaaqudgha.
  2026 | D:3      | Reached XP level 5. HP: 26/28 MP: 4/16
  2115 | D:3      | Noticed an ice beast
  2174 | D:3      | Killed an ice beast
  2174 | D:3      | Reached skill level 7 in Spellcasting
  2486 | D:3      | Found a shimmering altar of Xom.
  2658 | D:3      | Noticed Robin
  2672 | D:3      | Killed Robin
  2680 | D:3      | Reached XP level 6. HP: 25/32 MP: 4/18
  2769 | D:3      | Noticed Terence
  2861 | D:3      | Found a hazy altar of Hepliaklqana.
  3218 | D:4      | Found a staircase to the Ecumenical Temple.
  3489 | D:4      | Reached skill level 8 in Spellcasting
  3616 | D:4      | Reached XP level 7. HP: 37/37 MP: 8/20
  3755 | D:4      | Reached skill level 5 in Conjurations
  3806 | D:4      | Got a brightly glowing platinum amulet
  3807 | D:4      | Identified the amulet "Xevuetu" {Regen+ Dex+3} (You found
                  | it on level 4 of the Dungeon)
  3883 | D:4      | Reached skill level 1 in Fire Magic
  3907 | D:4      | Found a hide-covered altar of Uskayaw.
  3908 | D:4      | Found a sparkling altar of Nemelex Xobeh.
  4119 | D:5      | Entered Level 5 of the Dungeon
  4611 | D:5      | Reached skill level 9 in Spellcasting
  5630 | D:2      | Killed Sigmund
  5630 | D:2      | Reached XP level 8. HP: 42/42 MP: 14/23
  5821 | D:2      | Found a sparkling altar of Nemelex Xobeh.
  5998 | D:3      | Killed Terence
  6231 | D:6      | Reached skill level 10 in Spellcasting
  6771 | D:6      | Found a blossoming altar of Fedhas.
  6906 | D:7      | Found a sacrificial altar of Ru.
  7694 | D:8      | Reached skill level 11 in Spellcasting
  7798 | D:8      | Reached skill level 1 in Fighting
  7798 | D:8      | Reached XP level 9. HP: 47/47 MP: 16/26
  8707 | D:7      | Reached skill level 12 in Spellcasting
  9434 | D:9      | Reached skill level 1 in Air Magic
  9564 | D:9      | Noticed a two-headed ogre
  9578 | D:9      | Slain by a two-headed ogre

Levels and vault maps discovered:
D:1:      giann_bridges, layout_loops_corners, nrook_mini_backslash,
          minmay_pentomino_z2
D:2:      layout_loops_ring, nemelex_diamond_rough_becter, uniq_sigmund
D:3:      layout_loops_corners, old_standard_altar, overflow_temple_1_default,
          lemuel_crystal_altar, first_ration, uniq_terence, uniq_robin
D:4:      layout_rooms, minitemple, temple_green, serial_undead,
          serial_undead_f, serial_undead_b, serial_undead_d, serial_undead_e,
          minmay_starry_boxes
D:5:      layout_layer_cave, kennysheep_generic_room_12
D:6:      layout_loops_ring, fedhas_altar_fruit_tree
D:7:      layout_cave_pods, basic_altar
D:8:      layout_loops_ring, grunt_pizzeria
D:9:      minmay_thick_lines, layout_basic, chequers_serial_rivers_small_a

Skill      XL: |  1  2  3  4  5  6  7  8  9 |
---------------+----------------------------+-----
Spellcasting   | 5 6 7 8 9 11 12 | 12.6
Conjurations   | 2 3 4 6 7 9 |  9.3
Stealth        | 3 4 |  4.8
Dodging        | 3 4 |  4.4
Fire Magic     | 1 |  1.6
Fighting       | 1 |  1.6
Air Magic      | 1 |  1.1
Summonings     | |  1.1
Translocations | |  1.6
Poison Magic   | |  0.5

Action                   |  1- 3 |  4- 6 |  7- 9 || total
-------------------------+-------+-------+-------++-------
Melee: Unarmed           |    10 |       |       ||    10
 Cast: Magic Dart        |   105 |   218 |   412 ||   735
       Blink             |     1 |       |     5 ||     6
       Conjure Flame     |       |     9 |    24 ||    33
       Mephitic Cloud    |       |       |    12 ||    12
  Use: Scroll            |       |       |    12 ||    12
  Eat: Chunk             |     1 |     6 |    12 ||    19
       Ration            |       |       |     2 ||     2
Armor: Robe              |    11 |     4 |     6 ||    21
Dodge: Dodged            |    40 |    26 |    63 ||   129
